 Dungeon Crawl Stone Soup version 0.18.1-48-g4cf74bf (webtiles) character file.

5844 Gargoyl the Protected (level 10, -12/118 HPs)
             Began as a Demonspawn Abyssal Knight on Aug 22, 2016.
             Was a High Priest of Lugonu.
             Mangled by a phantasmal warrior (19 damage)
             ... led by a death knight
             ... on level 10 of the Dungeon on Aug 23, 2016.
             The game lasted 00:19:43 (8281 turns).

Gargoyl the Protected (Demonspawn Abyssal Knight)   Turns: 8281, Time: 00:19:44

Health: -12/118    AC: 30    Str: 20    XL:     10   Next: 51%
Magic:  12/12      EV:  2    Int: 14    God:    Lugonu [*****.]
Gold:   556        SH:  7    Dex: 13    Spells: 0 memorised, 9 levels left

rFire  . . .     SeeInvis .     u - +0 broad axe
rCold  . . .     Gourm    .     s - +1 crystal plate armour
rNeg   + . .     Faith    .     e - +0 shield
rPois  .         Spirit   .     (helmet restricted)
rElec  .         Dismiss  .     N - +0 cloak
rCorr  .         Reflect  .     J - +1 pair of gloves
SustAt .         Harm     .     o - +0 pair of boots
MR     .....                    d - amulet of rage
Stlth  ..........               I - ring of protection from magic
                                w - ring of positive energy

@: berserking, vulnerable, very quick, not resistant to hostile enchantments,
extremely unstealthy
A: horns 1, slimy green scales 2, nightstalker 1, spiny 2
a: Depart the Abyss, Bend Space, Banish, Corrupt, Enter the Abyss, Renounce
Religion, Evoke Berserk Rage


You were on level 10 of the Dungeon.
You worshipped Lugonu.
Lugonu was extremely pleased with you.
You were completely stuffed.

You visited 1 branch of the dungeon, and saw 10 of its levels.
You visited the Abyss 1 time.

You collected 556 gold pieces.

Inventory:

Hand Weapons
 u - a +0 broad axe (weapon)
Missiles
 G - a tomahawk (quivered)
Armour
 e - a +0 shield (worn)
 o - a +0 pair of boots (worn)
 s - a +1 crystal plate armour (worn)
 J - a +1 pair of gloves (worn)
 N - a +0 cloak (worn)
Jewellery
 a - an uncursed ring of resist corrosion
 d - an amulet of rage (around neck)
 w - a ring of positive energy (left hand)
 F - an uncursed ring of flight
 I - a ring of protection from magic (right hand)
 L - an uncursed ring of poison resistance
Wands
 y - a wand of teleportation (9/9)
 H - a wand of lightning (7/15)
Scrolls
 b - 2 scrolls of amnesia
 q - a scroll of fear
 B - 2 scrolls of fog
 C - 5 scrolls of remove curse
 K - 2 scrolls of magic mapping
 M - a scroll of identify
Potions
 g - 5 potions of curing
 i - 2 potions of brilliance
 j - a potion of haste {unknown}
 m - a potion of resistance {unknown}
 n - 3 potions of lignification {unknown}
 p - a potion of invisibility {unknown}
 r - a potion of mutation {unknown}
 v - 2 potions of agility
 z - a potion of berserk rage {unknown}
 A - a potion of cancellation {unknown}
 E - a potion of degeneration {unknown}
Books
 h - a book of Frost

   Spells                             Type                      Level
   a - Freeze                         Ice                          1
   b - Throw Frost                    Conjuration/Ice              2
   c - Ozocubu's Armour               Charms/Ice                   3
   d - Throw Icicle                   Conjuration/Ice              4
   e - Summon Ice Beast               Ice/Summoning                4
Comestibles
 c - 5 bread rations
 f - 2 royal jellies
 k - 3 meat rations
 l - 7 fruits
 t - a beef jerky
 x - a slice of pizza


   Skills:
 + Level 7.2 Fighting
 + Level 6.7 Axes
 * Level 10.8 Armour
 + Level 3.0 Dodging
 + Level 1.3 Stealth
 + Level 2.7 Invocations
 + Level 1.9 Evocations


You had 9 spell levels left.
You didn't know any spells.

Dungeon Overview and Level Annotations

Branches:
Dungeon (10/15)            Temple (0/1) D:4
   Lair: D:8-11         Orc: D:9-12

Altars:
Dithmenos
Elyvilon
Fedhas
Kikubaaqudgha
Makhleb
Nemelex Xobeh
Pakellas
Trog
The Shining One

Shops:
D:2 }


Innate Abilities, Weirdness & Mutations

You have a pair of small horns on your head.
You are mostly covered in slimy green scales (AC +3).
You are slightly more attuned to the shadows.
You are mostly covered in sharp spines.


Message History

You headbutt the phantasmal warrior, but do no damage.
The phantasmal warrior is moderately damaged.
The phantasmal warrior is struck by your spines.
The phantasmal warrior hits you!
A red film seems to cover your vision as you go berserk!
You feel yourself moving faster!
You feel mighty! The phantasmal warrior hits you.
Your crystal plate armour prevents you from hitting the phantasmal warrior.
The phantasmal warrior is moderately damaged.
The phantasmal warrior hits you!
* * * LOW HITPOINT WARNING * * *
You hit the phantasmal warrior.
You headbutt the phantasmal warrior, but do no damage.
The phantasmal warrior is moderately damaged.
The phantasmal warrior hits you!
* * * LOW HITPOINT WARNING * * *
Your shield and crystal plate armour prevent you from hitting the phantasmal warrior.
The phantasmal warrior is moderately damaged.
The phantasmal warrior hits you!!
You die...

.....
#####+#.....
#.....<...#
#.........#
#.........#
#.........#
#.@.......#
#W........#
#####'#####
#.......#
#.......#
#.......#
#.......#
#########


You could see a phantasmal warrior.

Vanquished Creatures
  A phantasmal warrior (D:10)
  The ghost of Gargoyl the Covered, a novice DsAK of Lugonu (D:7)
  A troll (D:4)
  Sigmund (D:2)
  A hungry ghost (D:9)
  Menkaure (D:4)
  A hippogriff (D:9)
  A water moccasin (D:6)
  2 black bears
  3 orc warriors
  3 sky beasts
  3 ice beasts
  A phantom (D:9)
  2 centaurs
  3 ogres
  Blork the orc (D:5)
  2 giant frogs
  2 scorpions
  2 water moccasin zombies
  8 wights (D:8)
  9 killer bees (D:9)
  4 crimson imps
  A centaur zombie (D:5)
  3 giant frog zombies
  A hound (D:7)
  4 jellies
  5 orc priests
  4 giant frog skeletons
  13 orc wizards
  Jessica (D:3)
  An iguana (D:5)
  2 worker ants
  A killer bee zombie (D:5)
  A hound skeleton (D:5)
  3 worker ant zombies (D:5)
  12 adders
  3 shadow imps
  5 adder zombies
  4 worms
  4 dart slugs
  10 giant geckos
  29 orcs
  7 bats
  13 giant cockroaches
  6 goblins
  7 hobgoblins
  4 jackals
  7 quokkas
  2 ball pythons
  3 giant gecko skeletons (D:5)
  3 giant gecko zombies (D:5)
  7 giant newts
  10 kobolds
  A quokka skeleton (D:5)
  A quokka zombie (D:9)
  9 rats
240 creatures vanquished.

Notes
Turn   | Place    | Note
--------------------------------------------------------------
     0 | Abyss:1  | Gargoyl the Demonspawn Abyssal Knight began the quest for the Orb.
     0 | Abyss:1  | Reached XP level 1. HP: 18/18 MP: 2/2
    52 | Abyss:1  | Noticed a starcursed mass
    63 | Abyss:1  | Noticed a starcursed mass
    66 | D:1      | Escaped the Abyss
   347 | D:1      | Reached * piety under Lugonu
   347 | D:1      | Reached skill level 2 in Armour
   347 | D:1      | Gained mutation: You are partially covered in slimy green scales (AC +2). [demonic ancestry]
   347 | D:1      | Reached XP level 2. HP: 10/24 MP: 3/3
   956 | D:1      | Reached skill level 1 in Dodging
  1308 | D:2      | Reached XP level 3. HP: 28/29 MP: 4/4
  1329 | D:2      | Noticed Sigmund
  1346 | D:2      | Killed Sigmund
  1346 | D:2      | Reached skill level 1 in Stealth
  1346 | D:2      | Gained mutation: You are partially covered in sharp spines. [demonic ancestry]
  1346 | D:2      | Reached XP level 4. HP: 26/38 MP: 4/6
  1346 | D:2      | Gained mutation: You have a pair of small horns on your head. [demonic ancestry]
  1346 | D:2      | Reached XP level 5. HP: 29/43 MP: 4/7
  1560 | D:2      | Found a glowing golden altar of the Shining One.
  1594 | D:2      | Found a burning altar of Makhleb.
  1767 | D:2      | Reached ** piety under Lugonu
  1799 | D:2      | Found a sparkling altar of Nemelex Xobeh.
  1963 | D:2      | Found an oddly glowing altar of Pakellas.
  1963 | D:2      | Found Pakellas's Prime Provisions.
  2418 | D:3      | Found a faded altar to an unknown god.
  2511 | D:3      | Reached skill level 3 in Armour
  2524 | D:3      | Gained mutation: You are slightly more attuned to the shadows. [demonic ancestry]
  2524 | D:3      | Reached XP level 6. HP: 40/49 MP: 8/8
  2849 | D:3      | Found an ancient bone altar of Kikubaaqudgha.
  2853 | D:3      | Found a blossoming altar of Fedhas.
  2984 | D:3      | Found a white marble altar of Elyvilon.
  3016 | D:3      | Reached *** piety under Lugonu
  3094 | D:3      | Noticed Jessica
  3099 | D:3      | Killed Jessica
  3293 | D:4      | Found a staircase to the Ecumenical Temple.
  3496 | D:4      | Noticed a troll
  3510 | D:4      | Killed a troll
  3510 | D:4      | Reached skill level 4 in Armour
  3510 | D:4      | Reached skill level 1 in Evocations
  3510 | D:4      | Gained mutation: You are mostly covered in slimy green scales (AC +3). [demonic ancestry]
  3510 | D:4      | Reached XP level 7. HP: 35/55 MP: 9/9
  3534 | D:4      | Noticed Menkaure
  3542 | D:4      | Killed Menkaure
  3594 | D:4      | Found a bloodstained altar of Trog.
  3805 | D:4      | Reached skill level 5 in Armour
  3874 | D:5      | Entered Level 5 of the Dungeon
  4063 | D:5      | Noticed Blork the orc
  4075 | D:5      | Killed Blork the orc
  4085 | D:5      | Gained mutation: You are mostly covered in sharp spines. [demonic ancestry]
  4085 | D:5      | Reached XP level 8. HP: 51/61 MP: 10/10
  4142 | D:5      | Reached skill level 6 in Armour
  4194 | D:5      | Reached skill level 5 in Fighting
  4195 | D:5      | Reached **** piety under Lugonu
  4734 | D:6      | Reached skill level 7 in Armour
  5025 | D:6      | Reached XP level 9. HP: 48/69 MP: 11/11
  5171 | D:6      | Reached skill level 8 in Armour
  5633 | D:7      | Reached skill level 5 in Axes
  5924 | D:7      | Noticed Gargoyl's ghost (novice DsAK)
  5944 | D:7      | Killed Gargoyl's ghost
  5944 | D:7      | Reached skill level 9 in Armour
  6192 | D:8      | Reached ***** piety under Lugonu
  6461 | D:8      | Reached XP level 10. HP: 74/77 MP: 12/12
  6524 | D:8      | Found a shadowy altar of Dithmenos.
  6580 | D:8      | Found a bloodstained altar of Trog.
  6716 | D:8      | Reached skill level 10 in Armour
  6835 | D:8      | Found a blossoming altar of Fedhas.
  7240 | D:9      | You fall through a shaft!
  7240 | D:10     | Entered Level 10 of the Dungeon
  8005 | D:9      | Noticed a death knight
  8007 | D:9      | Noticed a phantasmal warrior
  8008 | D:9      | Noticed a phantasmal warrior
  8011 | D:9      | Noticed a skeletal warrior
  8012 | D:9      | Noticed a phantasmal warrior
  8032 | D:10     | Killed a phantasmal warrior
  8281 | D:10     | Mangled by a phantasmal warrior

Skill      XL: |  1  2  3  4  5  6  7  8  9 10 |
---------------+-------------------------------+-----
Armour         | 2 3 4 5 7 9 10 | 10.8
Axes           | 2 3 4 5 6 |  6.7
Dodging        | 1 2 3 |  3.0
Fighting       | 4 5 6 7 |  7.2
Stealth        | 1 |  1.3
Evocations     | 1 |  1.9
Invocations    | |  2.7

Action                   |  1- 3 |  4- 6 |  7- 9 | 10-12 || total
-------------------------+-------+-------+-------+-------++-------
Melee: Hand axe          |    85 |    75 |   235 |       ||   395
       Headbutt          |       |    16 |    41 |    24 ||    81
       Broad axe         |       |       |     9 |    99 ||   108
       War axe           |       |       |     9 |       ||     9
Throw: Tomahawk          |       |       |       |     1 ||     1
Invok: Depart the Abyss  |     1 |       |       |       ||     1
       Bend Space        |       |       |       |     1 ||     1
 Abil: Evoke Berserk Rag |     1 |     1 |       |     2 ||     4
  Use: Potion            |     4 |     1 |     1 |     1 ||     7
       Scroll            |       |     7 |     9 |     5 ||    21
  Eat: Chunk             |     2 |     6 |     7 |     1 ||    16
       Meat ration       |       |     1 |       |     1 ||     2
       Fruit             |       |       |       |    12 ||    12
Armor: Leather armour    |    36 |       |       |       ||    36
       Crystal plate arm |       |    59 |   264 |   108 ||   431
       Chain mail        |       |     9 |       |       ||     9
Dodge: Dodged            |    64 |    12 |    24 |    14 ||   114
Block: Shield            |       |       |       |     9 ||     9
